 Dungeon Crawl Stone Soup version 0.29-a0-841-g116ddc6ace (webtiles) character file.

Game seed: 11138343744650023115

6913 vineage the Fighter (level 11, -11/80 HPs)
             Began as a Gargoyle Fighter on July 14, 2022.
             Was an Elder of Okawaru.
             Mangled by a sun demon (19 damage)
             ... summoned by a kobold demonologist
             ... on level 9 of the Dungeon.
             The game lasted 00:17:27 (12838 turns).

vineage the Fighter (Gargoyle Fighter)             Turns: 12838, Time: 00:17:28

Health: -11/80     AC: 36    Str: 24    XL:     11   Next: 7%
Magic:  14/14      EV:  8    Int:  9    God:    Okawaru [****..]
Gold:   567        SH:  6    Dex:  9    Spells: 10/10 levels left

rFire   . . .      SeeInvis .   z - +1 flail (protect)
rCold   . . .      Faith    .   c - +0 buckler
rNeg    + . .      Spirit   .   f - +0 plate armour
rPois   ∞          Reflect  .   B - +0 helmet
rElec   +          Harm     .   k - +0 cloak
rCorr   .          Rampage  .   (no gloves)
Will    .....                   l - +1 pair of boots
Stlth   ..........              e - amulet of magic regeneration
HPRegen 0.23/turn               (no ring)
MPRegen 0.54/turn               (no ring)

@: about to teleport, heroic, under a protective aura
A: sickness immunity, AC +8, negative energy resistance 1, electricity
resistance, torment resistance 1, petrification resistance
a: Renounce Religion, Heroism, Finesse


You were on level 9 of the Dungeon.
You worshipped Okawaru.
Okawaru was greatly pleased with you.
You visited 1 branch of the dungeon, and saw 11 of its levels.
You also visited: Ossuary.

You collected 567 gold pieces.

Inventory:

Hand Weapons
 a - a +0 flail
 m - a +2 dagger of venom
 z - a +1 flail of protection (weapon)
Armour
 b - a +0 scale mail
 c - a +0 buckler (worn)
 f - a +0 plate armour (worn)
 k - a +0 cloak (worn)
 l - a +1 pair of boots (worn)
 B - a +0 helmet (worn)
Jewellery
 d - an amulet of faith
 e - an amulet of magic regeneration (around neck)
 F - an amulet of guardian spirit
 I - a ring of see invisible
Wands
 r - a wand of flame (34)
 K - a wand of acid (4)
Scrolls
 o - 2 scrolls of teleportation
 y - a scroll of fog {unknown}
 C - a scroll of brand weapon {unknown}
 D - a scroll of enchant armour
 E - a scroll of poison {unknown}
 G - 3 scrolls of silence {unknown}
 H - a scroll of identify
 J - a scroll of amnesia
Potions
 g - 3 potions of haste
 h - a potion of lignification
 i - a potion of degeneration {unknown}
 j - a potion of brilliance {unknown}
 n - 2 potions of attraction {unknown}
 p - 4 potions of invisibility
 q - 2 potions of flight
 s - 2 potions of might
 t - 3 potions of cancellation
 u - 3 potions of curing
 v - a potion of heal wounds {unknown}
 w - a potion of ambrosia
 x - 5 potions of mutation {unknown}
 A - a potion of magic {unknown}


   Skills:
 + Level 14.0(19.0) Fighting
 + Level 6.0(11.0) Maces & Flails
 + Level 7.2(12.2) Armour
 + Level 7.2(12.2) Shields
 + Level 4.2 Invocations


You had 10 spell levels left.
You didn't know any spells.
Your spell library contained the following spells:

 Spells                   Type           Power      Damage    Failure   Level
 Freeze                   Ice            0%         1d3       99%         1
 Slow                     Hex            0%         N/A       99%         1
 Confusing Touch          Hex            0%         N/A       100%        3
 Frozen Ramparts          Ice            0%         1d2       100%        3
 Ozocubu's Armour         Ice            0%         N/A       100%        3
 Vampiric Draining        Necr           0%         2d6       100%        3
 Hailstorm                Conj/Ice       0%         3d3       100%        4
 Yara's Violent Unravell  Hex/Tmut       0%         3d3       100%        5
 Enfeeble                 Hex            0%         N/A       100%        7
 Ozocubu's Refrigeration  Ice            0%         4d5       100%        7


Dungeon Overview and Level Annotations

Branches:
Dungeon (11/15)            Temple (0/1) D:5         Ossuary (visited)
   Lair: D:8-11         Orc: D:9-12

Altars:
Cheibriados
Hepliaklqana
Okawaru
Trog
Xom
Zin

Shops:
D:3 :


Innate Abilities, Weirdness & Mutations

You are immune to sickness and miasma.
Your stone body is resilient. (AC +8)
You are immune to poison.
You resist negative energy. (rN+)
You are resistant to electric shocks. (rElec)
You are resistant to unholy torment.
You are immune to petrification.


Message History

The sun demon hits you!
You are engulfed in flames!
You are too injured to fight recklessly!
You are too injured to fight recklessly!
You are too injured to fight recklessly!
You are too injured to fight recklessly!
You are too injured to fight recklessly!
You are too injured to fight recklessly!
You are too injured to fight recklessly!
You are too injured to fight recklessly!
You are too injured to fight recklessly!
You are too injured to fight recklessly!
You are too injured to fight recklessly!
You are too injured to fight recklessly!
You are too injured to fight recklessly!
You are too injured to fight recklessly!
You barely miss the kobold demonologist.
The kobold demonologist gestures wildly while chanting.
The sun demon hits you!
* * * LOW HITPOINT WARNING * * *
You are engulfed in flames!
* * * LOW HITPOINT WARNING * * *
You thump the kobold demonologist!
The kobold demonologist is moderately wounded.
You block the sun demon's attack.
The kobold demonologist hits you but does no damage.
You block the sun demon's attack.
Okay, then.
You gain the combat prowess of a mighty hero.
You block the kobold demonologist's attack.
The sun demon barely misses you.
You feel better.
The kobold demonologist hits you but does no damage.
The sun demon barely misses you.
As you read the scroll of teleportation, it crumbles to dust.
You feel strangely unstable.
The kobold demonologist barely misses you.
The sun demon hits you!
* * * LOW HITPOINT WARNING * * *
You are engulfed in flames!!
You die...

.......<...<..####.#
#..##
###................#
#..##
#..#...#####.######
#..## #....### #.#
#.... #.#.# #.#
#..## # #. #.# #..#
.. #.# #..# .. . #3#
...# ... #@# .#.##
.....###K# #.#.
....KK.KK# # #.
....K##### ..K .


You could see a sun demon (summoned), a kobold demonologist and 2 kobolds.

Vanquished Creatures
  A two-headed ogre (D:8)
  Maurice (D:8)
  A kobold demonologist (D:9)
  Prince Ribbit (D:8)
  Sigmund (D:2)
  5 yaks
  2 steam dragons (D:8)
  An acid dragon (D:8)
  3 water moccasins
  A sky beast (D:7)
  3 ice beasts
  3 orc warriors
  2 black bears (D:7)
  An ogre (D:6)
  3 phantoms
  4 centaurs
  4 elf zombies (Ossuary)
  A kobold brigand (D:7)
  2 bullfrogs (D:8)
  A gnoll sergeant (D:6)
  2 necrophages
  A scorpion (D:6)
  9 wights (D:8)
  5 howler monkeys
  2 human zombies (Ossuary)
  3 centaur zombies (Ossuary)
  3 hounds
  5 orc priests
  Crazy Yiuf (D:7)
  A jelly (D:4)
  Terence (D:3)
  10 orc wizards
  2 hound zombies (Ossuary)
  3 mummies (Ossuary)
  14 adders
  3 gnolls (D:6)
  4 white imps
  2 ufetubi (D:5)
  3 adder zombies (Ossuary)
  2 worms
  6 dart slugs
  22 orcs
  7 ball pythons
  15 endoplasms
  3 giant cockroaches
  6 goblins
  3 hobgoblins
  12 kobolds
  3 quokkas
  5 frilled lizards
  5 goblin zombies (Ossuary)
  4 hobgoblin zombies (Ossuary)
  5 jackal zombies (Ossuary)
  3 kobold zombies (Ossuary)
  An orc zombie (Ossuary)
  2 quokka zombies (Ossuary)
  2 rats
221 creatures vanquished.

Vanquished Creatures (others)
  Psyche (D:8)
1 creature vanquished.

Grand Total: 222 creatures vanquished

Notes
Turn   | Place    | Note
-------+----------+-------------------------------------------
     0 | D:1      | vineage the Gargoyle Fighter began the quest for the Orb.
     0 | D:1      | Reached XP level 1. HP: 14/14 MP: 1/1
   149 | D:1      | Reached XP level 2. HP: 20/20 MP: 2/2
   163 | D:1      | Reached skill level 4 in Fighting
   733 | D:2      | Reached XP level 3. HP: 17/24 MP: 3/3
   820 | D:2      | Reached skill level 5 in Fighting
   872 | D:2      | Found a shimmering altar of Xom.
   974 | D:2      | Reached XP level 4. HP: 29/31 MP: 4/4
  1196 | D:2      | Noticed Sigmund
  1206 | D:2      | Killed Sigmund
  1207 | D:2      | Reached skill level 7 in Fighting
  1207 | D:2      | Reached XP level 5. HP: 37/38 MP: 5/5
  1207 | D:2      | Reached XP level 6. HP: 43/44 MP: 6/6
  1695 | D:3      | Noticed Terence
  1705 | D:3      | Killed Terence
  1810 | D:3      | Found an iron altar of Okawaru.
  1827 | D:3      | Became a worshipper of Warmaster Okawaru
  2315 | D:3      | Found a faded altar of an unknown god.
  2330 | D:3      | Found Muenleg's Vocational Training.
  3228 | D:3      | Reached skill level 8 in Fighting
  3259 | D:4      | Reached XP level 7. HP: 41/50 MP: 7/7
  4007 | D:4      | Reached skill level 9 in Fighting
  4879 | D:5      | Entered Level 5 of the Dungeon
  5029 | D:5      | Found a staircase to the Ecumenical Temple.
  5066 | D:5      | Reached * piety under Okawaru
  5181 | D:5      | Reached skill level 10 in Fighting
  5315 | D:5      | Noticed a yak
  5320 | D:5      | Reached XP level 8. HP: 54/57 MP: 8/8
  5328 | D:5      | Noticed a yak
  5329 | D:5      | Noticed a yak
  5331 | D:5      | Killed a yak
  5351 | D:5      | Killed a yak
  5352 | D:5      | Reached skill level 11 in Fighting
  5794 | D:5      | Noticed a yak
  5794 | D:5      | Noticed a yak
  5821 | D:4      | Killed a yak
  6197 | D:4      | Killed a yak
  6213 | D:4      | Killed a yak
  6214 | D:4      | Reached skill level 12 in Fighting
  6949 | D:5      | Reached ** piety under Okawaru
  6950 | D:5      | Reached XP level 9. HP: 20/66 MP: 9/9
  8172 | D:6      | Found a sand-covered staircase.
  8195 | Ossuary  | Entered an ossuary
  8589 | Ossuary  | Reached *** piety under Okawaru
  8590 | Ossuary  | Reached skill level 13 in Fighting
  8670 | Ossuary  | Reached skill level 5 in Armour
  8720 | Ossuary  | Reached skill level 5 in Shields
  9530 | D:7      | Reached XP level 10. HP: 60/73 MP: 10/10
  9668 | D:7      | Reached skill level 1 in Invocations
 10136 | D:7      | Found a snail-covered altar of Cheibriados.
 10163 | D:7      | Found a runed translucent door.
 10164 | D:7      | Noticed Crazy Yiuf
 10431 | D:7      | Found a glowing silver altar of Zin.
 10590 | D:7      | Killed Crazy Yiuf
 10787 | D:8      | Noticed Psyche
 10798 | D:8      | Killed Psyche
 10817 | D:8      | Reached skill level 5 in Maces & Flails
 11238 | D:8      | Found a hazy altar of Hepliaklqana.
 11270 | D:8      | Noticed a two-headed ogre
 11291 | D:8      | Killed a two-headed ogre
 11291 | D:8      | Reached **** piety under Okawaru
 11473 | D:8      | Noticed Prince Ribbit
 11494 | D:8      | Killed Prince Ribbit
 11516 | D:8      | Noticed Maurice
 11586 | D:8      | Killed Maurice
 12318 | D:8      | You fall into a shaft and drop 3 floors!
 12463 | D:10     | Entered Level 10 of the Dungeon
 12563 | D:9      | Reached XP level 11. HP: 68/79 MP: 13/13
 12638 | D:9      | Found a bloodstained altar of Trog.
 12828 | D:9      | Reached skill level 14 in Fighting
 12830 | D:9      | Noticed a sun demon
 12838 | D:9      | Mangled by a sun demon

Illustrated notes

Levels and vault maps discovered:
D:1:      tarquinn_simple_flora_water_e, layout_loops_ring,
          serial_bayou_crossing
D:2:      layout_loops_ring, basic_altar, uniq_sigmund
D:3:      layout_basic, okawaru_ov_weapons_minmay,
          ebering_ecumenical_altar_webs, nicolae_shop_vocational, uniq_terence
D:4:      layout_cave_pools, chequers_serial_rivers_marsh,
          chequers_serial_rivers_micro_d, serial_bayou_pond_b, dk_vineyard_3,
          small_statue_intersection
D:5:      layout_loops_ring, minmay_temple_entry_stoned_glass
D:6:      layout_cave_pools, nicolae_ossuary_entry_monument
D:7:      layout_basic, lemuel_coloured_pillars_altar,
          mainiacjoe_overflow_alcove_4, amcnicky_mini_rare_corridor_liquid,
          columned_hall_lemuel, hex_large, uniq_crazy_yiuf_cottage
D:8:      layout_basic, general_overflow_altar, uniq_maurice, uniq_psyche,
          uniq_prince_ribbit1
D:9:      layout_loops_ring, mainiacjoe_overflow_cross_hatched,
          minmay_misc_feat_encased
D:10:     layout_loops_ring
D:11:     layout_stronghold, lair_entry_dummy, serial_shops,
          nicolae_shop_behind_doors, uniq_urug

Skill      XL: |  1  2  3  4  5  6  7  8  9 10 11 |
---------------+----------------------------------+-----
Fighting       | 4 5 7 8 10 12 13 14 | 14.0
Armour         | 5 7 |  7.2
Shields        | 5 7 |  7.2
Maces & Flails | 4 5 6 |  6.0
Invocations    | 3 4 |  4.2

Action                   |  1- 3 |  4- 6 |  7- 9 | 10-12 || total
-------------------------+-------+-------+-------+-------++-------
Melee: Flail             |    61 |     5 |   304 |   319 ||   689
       Dagger            |       |   163 |   418 |       ||   581
Invok: Heroism           |       |       |     6 |     7 ||    13
  Use: Scroll            |     1 |     8 |     9 |     1 ||    19
       Potion            |       |     5 |     2 |     1 ||     8
Armor: Scale mail        |    33 |    77 |   203 |       ||   313
       Plate armour      |       |       |   411 |   255 ||   666
       Skin              |       |       |     2 |       ||     2
Dodge: Dodged            |    27 |    69 |   275 |    88 ||   459
Block: Buckler           |    10 |    40 |   162 |    81 ||   293

Table legend: (Time is in decaauts)
 A = Elapsed time spent in this place.
 B = Non-inter-level travel time spent in this place.
 C = Inter-level travel time spent in this place.
 D = Time resting spent in this place.
 E = Time spent auto-exploring this place.
 F = Levels seen in this place.
 G = Mean time per level.
                   A        B        C        D        E       F      G
               +--------+--------+--------+--------+--------+-----+--------+
         Total |  13006 |  12610 |    396 |   3854 |   6424 |  12 | 1083.8 |
       Dungeon |  12345 |  11949 |    396 |   3696 |   6239 |  11 | 1122.3 |
       Ossuary |    660 |    660 |      0 |    158 |    185 |   1 |  660.0 |
               +--------+--------+--------+--------+--------+-----+--------+

Top non-repeatable levels by time:
     D:4: 2292 daAuts
     D:3: 2019 daAuts
     D:5: 1764 daAuts
     D:8: 1724 daAuts
     D:7: 1294 daAuts
     D:6: 1043 daAuts
     D:2: 967 daAuts
     D:1: 738 daAuts
 Ossuary: 660 daAuts
     D:9: 286 daAuts
    D:11: 145 daAuts
    D:10: 69 daAuts
